 Dungeon Crawl Stone Soup version 0.30.0 (webtiles) character file.

Game seed: 6939396470098910436

31651 Caterwaul the Carver (level 13, 0/109 HPs)
             Began as a Human Monk on Oct 6, 2023.
             Was an Elder of the Shining One.
             Slain by a +3 morningstar of chaos (2 damage)
             ... on level 2 of the Orcish Mines.
             The game lasted 00:26:10 (15586 turns).

Caterwaul the Carver (Human Monk)                  Turns: 15586, Time: 00:26:11

Health: 0/109      AC:  8    Str: 12    XL:     13   Next: 98%
Magic:  18/20      EV: 18    Int: 12    God:    the Shining One [****..]
Gold:   1595       SH:  8    Dex: 19    Spells: 15/22 levels left

rFire   . . .        T - +5 long sword (venom)
rCold   . . .        (no shield)
rNeg    + + .        v - +0 troll leather armour {Pargi}
rPois   .            (no helmet)
rElec   .            K - +0 cloak
rCorr   +            (no gloves)
SInv    .            S - +2 pair of boots
Will    .....        r - amulet of regeneration
Stlth   +            H - ring of flight
HPRegen 1.98/turn    I - ring of resist corrosion
MPRegen 0.17/turn

%: no passive effects
@: lethally poisoned (0 -> -9), divinely shielded, flying, glowing
A: no striking features
a: Renounce Religion, Divine Shield, Cleansing Flame


You were on level 2 of the Orcish Mines.
You worshipped the Shining One.
The Shining One was greatly pleased with you.
You visited 4 branches of the dungeon, and saw 16 of its levels.
You also visited: Sewer.

You collected 1705 gold pieces.
You spent 28 gold pieces at shops.
You donated 82 gold pieces to Zin.

Inventory:

Hand Weapons
 s - a +2 dagger of venom
 N - a +0 scimitar
 T - a +5 long sword of venom (weapon)
Missiles
 F - 16 poisoned darts
 Y - a curare-tipped dart
Armour
 v - a +0 troll leather armour (worn) {Pargi}
 K - a +0 cloak (worn)
 S - a +2 pair of boots (worn)
 X - a +2 robe of cold resistance
Jewellery
 r - an amulet of regeneration (around neck)
 w - a +6 ring of strength
 H - a ring of flight (left hand)
 I - a ring of resist corrosion (right hand)
 L - a +6 ring of strength
 P - a ring of ice
 R - a ring of ice
 V - a ring of positive energy
Wands
 d - a wand of paralysis (2)
 t - a wand of polymorph (13)
 E - a wand of roots (18)
 J - a wand of flame (20)
 Q - a wand of acid (14)
Scrolls
 a - a scroll of silence {unknown}
 k - 2 scrolls of magic mapping {unknown}
 l - 7 scrolls of teleportation
 m - 4 scrolls of noise {unknown}
 n - 4 scrolls of enchant weapon {unknown}
 p - 5 scrolls of vulnerability
 q - 6 scrolls of blinking
 x - 3 scrolls of fog {unknown}
 B - 4 scrolls of amnesia
 D - a scroll of fear
 G - a scroll of poison
 M - 2 scrolls of immolation
Potions
 b - 4 potions of heal wounds
 c - 4 potions of ambrosia
 e - 3 potions of attraction
 f - 5 potions of might {unknown}
 g - 2 potions of lignification
 h - 10 potions of flight
 i - 2 potions of mutation
 j - 8 potions of curing
 u - 4 potions of brilliance
 z - 2 potions of haste {unknown}
 A - 2 potions of degeneration {unknown}
 C - 3 potions of invisibility {unknown}
 O - 2 potions of magic {unknown}
Miscellaneous
 o - a phantom mirror (inert)
 U - a box of beasts


   Skills:
 + Level 12.3 Fighting
 - Level 14.0 Long Blades
 - Level 3.0 Armour
 - Level 10.0 Dodging
 - Level 1.0 Stealth
 - Level 5.0 Spellcasting
 - Level 3.0 Translocations
 - Level 5.0 Transmutations
 - Level 5.0 Invocations
 - Level 3.0 Evocations


You had 15 spell levels left.
You knew the following spells:

 Your Spells              Type           Power      Damage    Failure   Level
a - Wereblood             Tmut           15%        N/A       4%          2
b - Apportation           Tloc           20%        N/A       8%          1
c - Passage of Golubria   Tloc           10%        N/A       58%         4

Your spell library contained the following spells:

 Spells                   Type           Power      Damage    Failure   Level
 Necrotise                Necr           12%        1d4       26%         1
 Summon Small Mammal      Summ           12%        N/A       26%         1
 Cigotuvi's Dreadful Rot  Necr/Pois/Air  6%         N/A       36%         2
 Sublimation of Blood     Necr           3%         N/A       36%         2
 Ignite Poison            Fire/Tmut/Pois 6%         N/A       36%         3
 Call Canine Familiar     Summ           3%         N/A       58%         3
 Inner Flame              Hex/Fire       3%         N/A       58%         3
 Summon Guardian Golem    Hex/Summ       3%         N/A       58%         3
 Tukima's Dance           Hex            3%         N/A       58%         3
 Anguish                  Hex/Necr       1%         N/A       94%         4
 Cause Fear               Hex            1%         N/A       94%         4
 Flame Wave               Conj/Fire      3%         2d5       94%         4
 Sticky Flame             Conj/Fire      3%         2d3       94%         4
 Yara's Violent Unravell  Hex/Tmut       4%         3d4       94%         5
 Freezing Cloud           Conj/Ice/Air   1%         6-21      100%        5
 Enfeeble                 Hex            1%         N/A       100%        7
 Summon Hydra             Summ           1%         N/A       100%        7


Dungeon Overview and Level Annotations

Branches:
Dungeon (10/15)            Temple (1/1) D:4            Lair (3/5) D:10
 Shoals (0/4) Lair:2        Snake (0/4) Lair:2          Orc (2/2) D:9
    Elf (0/3) Orc:2         Sewer (visited)

Altars:
Ashenzari
Cheibriados
Dithmenos
Elyvilon
Fedhas
Gozag
Hepliaklqana
Kikubaaqudgha
Makhleb
Nemelex Xobeh
Okawaru
Qazlal
Ru
Sif Muna
Trog
Uskayaw
Vehumet
Wu Jian
Xom
Yredelemnul
Zin
The Shining One

Shops:
D:1 (   D:3 *

Annotations:
Orc:2 BogsyCalzone's ghost, journeyman DECj


Message History

The +3 morningstar of chaos is lightly damaged.
The +3 morningstar of chaos hits you!
You barely miss the +3 morningstar of chaos.
The +3 morningstar of chaos is lightly damaged.
The +3 morningstar of chaos hits you!
You are poisoned.
You hit the +3 morningstar of chaos but do no damage.
The +3 morningstar of chaos is lightly damaged.
You feel sick. The +3 morningstar of chaos hits you!
You hit the +3 morningstar of chaos but do no damage.
The +3 morningstar of chaos is lightly damaged.
You block the +3 morningstar of chaos's attack.
You hit the +3 morningstar of chaos.
The +3 morningstar of chaos is lightly damaged.
You feel sick. The +3 morningstar of chaos hits you.
The +3 morningstar of chaos burns you.
You hit the +3 morningstar of chaos.
The +3 morningstar of chaos is moderately damaged.
You feel sick. The +3 morningstar of chaos hits you!
You slash the +3 morningstar of chaos!
The +3 morningstar of chaos is severely damaged.
The +3 morningstar of chaos hits you! The +3 morningstar of chaos burns you.
You slash the +3 morningstar of chaos!
The +3 morningstar of chaos is almost destroyed.
You feel sick. The +3 morningstar of chaos hits you!
The +3 morningstar of chaos burns you.
* * * LOW HITPOINT WARNING * * *
You closely miss the +3 morningstar of chaos.
The +3 morningstar of chaos is almost destroyed.
You feel sick. The +3 morningstar of chaos hits you!!
* * * LOW HITPOINT WARNING * * *
You are more poisoned.
You hit the +3 morningstar of chaos.
The +3 morningstar of chaos is almost destroyed.
* * * LOW HITPOINT WARNING * * *
You feel very sick. The +3 morningstar of chaos hits you!
* * * LOW HITPOINT WARNING * * *
The +3 morningstar of chaos freezes you.
You die...

..............#
#.#........#..#
#........#....
##.##.#..#.....
####.....#.....
##.###.#..# ...
#$W$#.....##
###(##......##
#..@.........#
#.........#....
#..........####
..............#
...............#
#................
#.................
##................


You could see a +3 morningstar of chaos and BogsyCalzone's ghost.

Vanquished Creatures
  Fannar (Lair:2)
  2 two-headed ogres
  An orc high priest (Orc:2)
  Amaemon (Lair:2)
  Pikel (D:5)
  An orc knight (D:9)
  4 orc sorcerers (Orc:2)
  14 elephants
  A cyclops (Orc:1)
  A black mamba (Lair:3)
  An orange demon (Lair:2)
  A cane toad (Lair:1)
  A rime drake (Lair:2)
  6 komodo dragons
  2 unseen horror zombies (D:9)
  4 trolls
  2 hornets (D:9)
  Grinder (D:6)
  5 blink frogs
  27 yaks
  2 wyverns (D:9)
  2 basilisks
  4 steam dragons
  4 wargs
  3 nagas (Lair:2)
  2 acid dragons (D:9)
  4 water moccasins
  2 black bears
  18 orc warriors
  Pargi (D:2)
  2 ogres
  11 wolves
  9 centaurs
  3 kobold brigands
  13 bullfrogs
  2 necrophages (D:9)
  2 gnoll sergeants (D:9)
  5 scorpions
  A wyvern zombie (D:9)
  8 wights
  16 killer bees
  An electric eel (Lair:1)
  6 howler monkeys
  A centaur zombie (D:9)
  4 gnoll boudas
  A human zombie (D:9)
  2 jellies
  20 orc priests
  7 hounds
  Crazy Yiuf (D:5)
  Terence (D:3)
  Jessica (D:3)
  3 iguanas
  32 orc wizards
  2 mummies (D:9)
  16 gnolls
  2 howler monkey zombies (D:9)
  10 adders
  2 shadow imps (D:6)
  A white imp (D:6)
  2 ufetubi (D:5)
  6 worms
  5 dart slugs
  54 orcs
  13 ball pythons
  14 endoplasms
  15 giant cockroaches
  5 hobgoblins
  5 jackals
  24 kobolds
  16 quokkas
  10 bats
  12 frilled lizards
  6 goblins
  11 rats
502 creatures vanquished.

Vanquished Creatures (others)
  4 fungi
  10 plants
  5 toadstools (D:7)
19 creatures vanquished.

Grand Total: 521 creatures vanquished

Notes
Turn   | Place    | Note
-------+----------+-------------------------------------------
     0 | D:1      | Caterwaul the Human Monk began the quest for the Orb.
     0 | D:1      | Reached XP level 1. HP: 18/18 MP: 1/1
    82 | D:1      | Reached XP level 2. HP: 24/24 MP: 2/2
   339 | D:1      | Reached XP level 3. HP: 20/29 MP: 3/3
   480 | D:1      | Found Liru's Weapon Shoppe.
   950 | D:1      | Reached skill level 4 in Long Blades
  1082 | D:2      | Reached XP level 4. HP: 22/35 MP: 4/4
  1702 | D:2      | Reached XP level 5. HP: 40/42 MP: 5/5
  1741 | D:2      | Found a faded altar of an unknown god.
  1952 | D:2      | Found an opulent altar of Gozag.
  2168 | D:3      | Noticed Jessica
  2179 | D:3      | Noticed Pargi
  2183 | D:3      | Killed Jessica
  2261 | D:2      | Killed Pargi
  2262 | D:2      | Reached XP level 6. HP: 21/49 MP: 6/6
  2382 | D:3      | Found a blossoming altar of Fedhas.
  2566 | D:3      | Noticed Terence
  2574 | D:3      | Killed Terence
  2575 | D:3      | Reached skill level 5 in Long Blades
  2612 | D:3      | Found Waysucw's General Store.
  2640 | D:3      | Bought a scroll of identify for 28 gold pieces
  2887 | D:4      | Reached XP level 7. HP: 44/55 MP: 7/7
  3024 | D:4      | Found a hide-covered altar of Uskayaw.
  3041 | D:4      | Found an iron altar of Okawaru.
  3154 | D:4      | Reached skill level 5 in Fighting
  3286 | D:4      | Reached skill level 5 in Dodging
  3869 | D:4      | Found a staircase to the Ecumenical Temple.
  4031 | Temple   | Entered the Ecumenical Temple
  4171 | D:5      | Entered Level 5 of the Dungeon
  4277 | D:5      | Found a glowing drain.
  4304 | Sewer    | Entered a sewer
  4632 | D:5      | Reached XP level 8. HP: 54/63 MP: 8/8
  4651 | D:5      | Reached skill level 6 in Long Blades
  4766 | D:5      | Found a broken altar of Ashenzari.
  4985 | D:5      | Noticed Pikel
  5009 | D:5      | Killed Pikel
  5010 | D:5      | Reached skill level 7 in Long Blades
  5010 | D:5      | Reached XP level 9. HP: 31/72 MP: 9/9
  5070 | D:5      | Learned a level 2 spell: Wereblood
  5072 | D:5      | Learned a level 1 spell: Apportation
  5149 | D:5      | Found a runed translucent door.
  5150 | D:5      | Noticed Crazy Yiuf
  5180 | D:5      | Found a glowing silver altar of Zin.
  5373 | D:5      | Killed Crazy Yiuf
  5390 | D:5      | Identified the +9 hammer of the Dragonfly {freeze, Int+4
                  | Dex+3}
  5479 | D:6      | Reached skill level 1 in Transmutations
  5547 | D:6      | Reached skill level 1 in Spellcasting
  6137 | D:6      | Noticed Grinder
  6147 | D:6      | Paralysed by Grinder for 2 turns
  6165 | D:6      | Killed Grinder
  7044 | D:7      | Reached XP level 10. HP: 80/80 MP: 13/13
  7074 | D:7      | Reached skill level 8 in Long Blades
  7288 | D:7      | Found a bloodstained altar of Trog.
  7558 | D:7      | Found a basalt altar of Yredelemnul.
  7645 | D:5      | Became a worshipper of Zin the Law-Giver
  7645 | D:5      | Reached * piety under Zin
  7645 | D:5      | Reached ** piety under Zin
  7645 | D:5      | Reached *** piety under Zin
  7808 | D:8      | Noticed a two-headed ogre
  7855 | D:8      | Killed a two-headed ogre
  7856 | D:8      | Reached skill level 1 in Invocations
  8479 | D:8      | Reached **** piety under Zin
  8871 | D:9      | Found a staircase to the Orcish Mines.
  9028 | D:9      | Reached XP level 11. HP: 87/87 MP: 15/15
  9050 | D:9      | Reached skill level 9 in Long Blades
  9154 | D:9      | Reached ***** piety under Zin
  9591 | D:9      | Reached skill level 5 in Invocations
  9957 | D:9      | Found an ancient bone altar of Kikubaaqudgha.
 10087 | D:10     | Entered Level 10 of the Dungeon
 10106 | D:10     | Found a burning altar of Makhleb.
 10340 | D:10     | Found a glowing golden altar of the Shining One.
 10422 | D:10     | Noticed a two-headed ogre
 10459 | D:10     | Killed a two-headed ogre
 10460 | D:10     | Reached skill level 10 in Long Blades
 10556 | D:10     | Found a shimmering altar of Xom.
 10582 | D:10     | Found an ornate altar of the Wu Jian Council.
 10649 | D:10     | Reached skill level 10 in Fighting
 10655 | D:10     | Reached skill level 10 in Dodging
 10683 | D:10     | Reached XP level 12. HP: 51/97 MP: 16/16
 10684 | D:10     | Found a white marble altar of Elyvilon.
 10923 | D:10     | Reached skill level 11 in Long Blades
 10924 | D:10     | Found a staircase to the Lair.
 10939 | D:10     | Found a shimmering blue altar of Sif Muna.
 11150 | D:10     | Fell from the grace of Zin
 11150 | D:10     | Became a worshipper of the Shining One
 11150 | D:10     | Reached * piety under the Shining One
 11150 | D:10     | Reached ** piety under the Shining One
 11150 | D:10     | Reached *** piety under the Shining One
 11201 | Lair:1   | Entered Level 1 of the Lair of Beasts
 11499 | Lair:1   | Reached skill level 12 in Long Blades
 11639 | Lair:1   | Reached skill level 13 in Long Blades
 12383 | Lair:2   | Noticed Amaemon
 12542 | Lair:2   | Reached skill level 14 in Long Blades
 12561 | Lair:2   | Reached skill level 1 in Armour
 12561 | Lair:2   | Reached skill level 1 in Evocations
 12583 | Lair:2   | Reached XP level 13. HP: 51/103 MP: 17/17
 12646 | Lair:2   | Reached skill level 1 in Stealth
 12794 | Lair:2   | Found a staircase to the Shoals.
 12836 | Lair:2   | Killed Amaemon
 13004 | Lair:2   | Found a staircase to the Snake Pit.
 13136 | Lair:2   | Noticed Fannar
 13334 | Lair:2   | Killed Fannar
 13953 | Lair:3   | Reached skill level 5 in Transmutations
 14024 | Lair:3   | Learned a level 4 spell: Passage of Golubria
 14030 | Lair:3   | Noticed a five-headed hydra
 14106 | Lair:3   | Noticed a four-headed hydra
 14459 | Orc:1    | Entered Level 1 of the Orcish Mines
 14571 | D:9      | Reached skill level 1 in Translocations
 14764 | Orc:2    | Entered Level 2 of the Orcish Mines
 14767 | Orc:2    | Found a staircase to the Elven Halls.
 15058 | Orc:2    | Reached **** piety under the Shining One
 15188 | Orc:2    | Reached skill level 5 in Spellcasting
 15571 | Orc:2    | Found a runed translucent door.
 15571 | Orc:2    | Found a shimmering altar of Xom.
 15571 | Orc:2    | Noticed BogsyCalzone's ghost (journeyman DECj)
 15572 | Orc:2    | Reached ***** piety under the Shining One
 15586 | Orc:2    | HP: 2/109 [+3 morningstar of chaos (8)]
 15586 | Orc:2    | Slain by a +3 morningstar of chaos

Illustrated notes

Levels and vault maps discovered:
D:1:      dpeg_arrival_signposts, layout_loops_ring, serial_shops,
          nicolae_shop_bloodbath_and_beyond, dreamdust_princess_bridge,
          minmay_pentomino_t2
D:2:      minmay_wonky_spiral, layout_loops_cross, basic_altar,
          chequers_ecumenical_altar_simple_redux, grunt_ministairs_13,
          minivault_11
D:3:      layout_rooms, overflow_temple_1_default, serial_shops,
          nicolae_shop_window_shopping, uniq_terence, uniq_jessica, uniq_pargi
D:4:      layout_layer_cave, amcnicky_altar_gilded,
          nicolae_overflow_crystal_walls, temple_statues,
          kennysheep_generic_room_7
D:5:      layout_basic, zin_treasury, lemuel_crystal_altar,
          portal_sewer_entry_f, uniq_crazy_yiuf_cottage, uniq_pikel
D:6:      layout_layer_cave, chequers_avenue, nicolae_hexahallways, uniq_grinder
D:7:      layout_rooms, mainiacjoe_overflow_alcove_4, old_standard_altar,
          minivault_10, minmay_gold_behind_fungi
D:8:      layout_basic, minmay_checkerbox
D:9:      minmay_razor_zed, layout_small_grid,
          lemuel_mausoleum_altar_kikubaaqudgha, orc_0_dummy
D:10:     layout_stronghold, lemuel_tele_altar, bloody_makhleb,
          mainiacjoe_overflow_six_doors_small, nzn_wu_jian_contemplation,
          mainiacjoe_overflow_alcove_2, nicolae_sif_muna_condensation,
          erik_lair_orcish_takeover
Temple:   nicolae_temple_superstar
Lair:1:   layout_loops_ring, infiniplex_staircase_pool, grunt_megastairs_2,
          serial_bayou_shore_b
Lair:2:   layout_chaotic_city, minmay_shoals_entry_centaurs,
          minmay_snake_entry_guardpost_small, uniq_amaemon, uniq_fannar
Lair:3:   layout_long_grid
Orc:1:    layout_caves
Orc:2:    st_orc_mages, layout_caves, ebering_ghost_xom, nicolae_shop_self_help

Skill      XL: |  1  2  3  4  5  6  7  8  9 10 11 12 13 |
---------------+----------------------------------------+-----
Long Blades    | 4 5 7 8 10 14 | 14.0
Fighting       | 4 5 7 8 10 12 | 12.3
Dodging        | 4 5 6 7 8 10 | 10.0
Transmutations | 2 4 5 |  5.0
Spellcasting   | 2 3 5 |  5.0
Invocations    | 3 5 |  5.0
Armour         | 1 3 |  3.0
Evocations     | 1 3 |  3.0
Stealth        | 1 |  1.0
Translocations | 3 |  3.0

Action                     |  1- 3 |  4- 6 |  7- 9 | 10-12 | 13-15 || total
---------------------------+-------+-------+-------+-------+-------++-------
  Melee: Falchion          |    18 |       |       |       |       ||    18
         Dagger            |    66 |   179 |   501 |   208 |     9 ||   963
         Scimitar          |       |       |       |   434 |       ||   434
         Long sword        |       |       |       |   273 |   464 ||   737
         Punch             |       |       |       |     3 |     9 ||    12
  Throw: Dart              |       |       |       |       |     2 ||     2
   Cast: Wereblood         |       |       |       |     3 |    18 ||    21
 Invoke: Recite            |       |       |       |    11 |       ||    11
         Vitalisation      |       |       |       |     1 |       ||     1
         Divine Shield     |       |       |       |     1 |     4 ||     5
  Evoke: Wand              |       |       |       |       |     1 ||     1
         Phantom mirror    |       |       |       |       |     1 ||     1
    Use: Scroll            |       |     6 |       |     7 |     3 ||    16
         Potion            |       |       |       |       |     1 ||     1
   Stab: Confused          |       |       |       |     2 |       ||     2
         Invisible         |       |       |       |     3 |       ||     3
         Paralysed         |       |       |       |     1 |       ||     1
 Armour: Robe              |    12 |    16 |       |       |       ||    28
         Troll leather arm |       |    15 |    84 |   140 |    91 ||   330
  Dodge: Dodged            |    47 |   101 |   375 |   764 |   360 ||  1647
  Block: Other             |       |       |       |     2 |    25 ||    27
